BR (22 & UNDER)
RANCHO CUCAMONGA SICK MONKEYS @ GILBERT FIRE FIGHTERS
07/15/2030
 
TOP OF THE 1ST
Rancho Cucamonga Sick Monkeys batting - Pitching for Gilbert Fire Fighters : RHP Eugene Meeks
Pitching: RHP Eugene Meeks
Batting: RHB Marvin Montgomery 0-0: Reached on error, E3 (Groundball, 3)
Batting: SHB Jimmy Mayer 0-0: Foul Ball, location: 2F
0-1: Ball
1-1: DOUBLE (Groundball, 3L)
Marvin Montgomery to third
Runner from 3rd tries for Home, SAFE, no throw
Batting: SHB Paco Estrada 0-0: Called Strike
0-1: Foul Ball, location: 2F
0-2: Strikes out looking
Batting: LHB Bill Turner 0-0: Ball
1-0: Called Strike
1-1: Ball
2-1: Fly out, F9 (Flyball, 89M)
Batting: SHB Orlando Lópes 0-0: Ball
1-0: Ball
2-0: Ball
3-0: Called Strike
3-1: Ground out 4-3 (Groundball, 4)
Top of the 1st over - 1 run, 1 hit, 1 error, 1 left on base; Rancho Cucamonga 1 - Gilbert 0
BOTTOM OF THE 1ST
Gilbert Fire Fighters batting - Pitching for Rancho Cucamonga Sick Monkeys : RHP Francisco Villa
Pitching: RHP Francisco Villa
Batting: RHB Carlos Canales 0-0: Ball
1-0: Called Strike
1-1: Ball
2-1: Ball
3-1: Foul Ball, location: 2F
3-2: Foul Ball, location: 2F
3-2: Base on Balls
Batting: LHB Kyle Robbins 0-0: Ball
1-0: Swinging Strike
1-1: Foul Ball, location: 2F
1-2: 2-RUN HOME RUN (Line Drive, 7D), Distance : 402 ft
Batting: LHB Bill Handy 0-0: Fly out, F8 (Flyball, 78D)
Batting: RHB Bill Salinas 0-0: Called Strike
0-1: Called Strike
0-2: Ball
1-2: Strikes out looking
Batting: RHB Fernando Morán 0-0: Ball
1-0: Ball
2-0: Ball
3-0: Foul Ball, location: 2F
3-1: Called Strike
3-2: Base on Balls
Batting: SHB Germán Roseima 0-0: Called Strike
0-1: Ball
1-1: Ball
2-1: Ball
3-1: Foul Ball, location: 2F
3-2: Foul Ball, location: 2F
3-2: SINGLE (Line Drive, 56D)
Fernando Morán to second
Fernando Morán to third
Batting: RHB Pedro Vásquez 0-0: Ball
1-0: Called Strike
1-1: Foul Ball, location: 2F
1-2: Strikes out swinging
Bottom of the 1st over - 2 runs, 2 hits, 0 errors, 2 left on base; Rancho Cucamonga 1 - Gilbert 2
TOP OF THE 2ND
Rancho Cucamonga Sick Monkeys batting - Pitching for Gilbert Fire Fighters : RHP Eugene Meeks
Batting: RHB Bartolo Moreno 0-0: Ball
1-0: Called Strike
1-1: SOLO HOME RUN (Flyball, 89D), Distance : 439 ft
Batting: RHB Scott Elliott 0-0: Ground out 6-3 (Groundball, 56)
Batting: RHB Pedro Morales 0-0: Ground out 5-3 (Groundball, 56S)
Batting: RHB Jackson Walker 0-0: Called Strike
0-1: Ball
1-1: Foul Ball, location: 2F
1-2: Ball
2-2: Foul Ball, location: 2F
2-2: Foul Ball, location: 2F
2-2: Ball
3-2: Strikes out looking
Top of the 2nd over - 1 run, 1 hit, 0 errors, 0 left on base; Rancho Cucamonga 2 - Gilbert 2
BOTTOM OF THE 2ND
Gilbert Fire Fighters batting - Pitching for Rancho Cucamonga Sick Monkeys : RHP Francisco Villa
Batting: RHB John Field 0-0: Called Strike
0-1: Swinging Strike
0-2: Ball
1-2: Foul Ball, location: 2F
1-2: Ball
2-2: Strikes out looking
Batting: RHB Juan Brembilla 0-0: Ball
1-0: Called Strike
1-1: Fly out, F3 (Popup, 3L)
Batting: RHB Carlos Canales 0-0: Ball
1-0: Called Strike
1-1: Ball
2-1: Ball
3-1: Base on Balls
Batting: LHB Kyle Robbins 0-0: Ball
1-0: Foul Ball, location: 2F
1-1: Ball
2-1: SINGLE (Groundball, 34D)
Carlos Canales to second
Runner from 2nd tries for 3rd, SAFE, no throw
Batting: LHB Bill Handy 0-0: Ball
1-0: Called Strike
Kyle Robbins is caught stealing 2nd base
Bottom of the 2nd over - 0 runs, 1 hit, 0 errors, 1 left on base; Rancho Cucamonga 2 - Gilbert 2
TOP OF THE 3RD
Rancho Cucamonga Sick Monkeys batting - Pitching for Gilbert Fire Fighters : RHP Eugene Meeks
Batting: RHB Marvin Montgomery 0-0: Ball
1-0: Called Strike
1-1: Ball
2-1: Called Strike
2-2: Strikes out looking
Batting: SHB Jimmy Mayer 0-0: Ball
1-0: Called Strike
1-1: Fly out, F9 (Flyball, 9)
Batting: SHB Paco Estrada 0-0: Ball
1-0: Ball
2-0: Foul Ball, location: 2F
2-1: Ball
3-1: Called Strike
3-2: Strikes out swinging
Top of the 3rd over - 0 runs, 0 hits, 0 errors, 0 left on base; Rancho Cucamonga 2 - Gilbert 2
BOTTOM OF THE 3RD
Gilbert Fire Fighters batting - Pitching for Rancho Cucamonga Sick Monkeys : RHP Francisco Villa
Batting: LHB Bill Handy 0-0: Called Strike
0-1: Ball
1-1: Swinging Strike
1-2: Fly out, F8 (Flyball, 78D)
Batting: RHB Bill Salinas 0-0: Fly out, F7 (Line Drive, 7)
Batting: RHB Fernando Morán 0-0: Fly out, F5 (Popup, 25F)
Bottom of the 3rd over - 0 runs, 0 hits, 0 errors, 0 left on base; Rancho Cucamonga 2 - Gilbert 2
TOP OF THE 4TH
Rancho Cucamonga Sick Monkeys batting - Pitching for Gilbert Fire Fighters : RHP Eugene Meeks
Batting: LHB Bill Turner 0-0: Ball
1-0: Foul Ball, location: 2F
1-1: Called Strike
1-2: Foul Ball, location: 2F
1-2: Strikes out looking
Batting: SHB Orlando Lópes 0-0: Ball
1-0: Fly out, F7 (Flyball, 7D)
Batting: RHB Bartolo Moreno 0-0: Foul Ball, location: 2F
0-1: Fly out, F6 (Popup, 6D)
Top of the 4th over - 0 runs, 0 hits, 0 errors, 0 left on base; Rancho Cucamonga 2 - Gilbert 2
BOTTOM OF THE 4TH
Gilbert Fire Fighters batting - Pitching for Rancho Cucamonga Sick Monkeys : RHP Francisco Villa
Batting: SHB Germán Roseima 0-0: Called Strike
0-1: Ball
1-1: Ball
2-1: Ground out 4-3 (Groundball, 4M)
Batting: RHB Pedro Vásquez 0-0: DOUBLE (Flyball, 8LD)
Batting: RHB John Field 0-0: Ground out 5-3 (Groundball, 5S)
Pedro Vásquez to third
Batting: RHB Juan Brembilla 0-0: Called Strike
0-1: Called Strike
0-2: Ground out 5-3 (Groundball, 5)
Bottom of the 4th over - 0 runs, 1 hit, 0 errors, 1 left on base; Rancho Cucamonga 2 - Gilbert 2
TOP OF THE 5TH
Rancho Cucamonga Sick Monkeys batting - Pitching for Gilbert Fire Fighters : RHP Eugene Meeks
Batting: RHB Scott Elliott 0-0: Ball
1-0: Bunt missed!
1-1: Swinging Strike
1-2: Fly out, F6 (Popup, 6M)
Batting: RHB Pedro Morales 0-0: Called Strike
0-1: Ball
1-1: Ground out 6-3 (Groundball, 6)
Batting: RHB Jackson Walker 0-0: Ball
1-0: Called Strike
1-1: Ball
2-1: Ball
3-1: Called Strike
3-2: Strikes out swinging
Top of the 5th over - 0 runs, 0 hits, 0 errors, 0 left on base; Rancho Cucamonga 2 - Gilbert 2
BOTTOM OF THE 5TH
Gilbert Fire Fighters batting - Pitching for Rancho Cucamonga Sick Monkeys : RHP Francisco Villa
Batting: RHB Carlos Canales 0-0: Ball
1-0: Foul Ball, location: 2F
1-1: Fly out, F8 (Flyball, 8RD)
Batting: LHB Kyle Robbins 0-0: Foul Ball, location: 2F
0-1: Ground out 6-3 (Groundball, 6M)
Batting: LHB Bill Handy 0-0: Ball
1-0: Swinging Strike
1-1: Foul Ball, location: 2F
1-2: Foul Ball, location: 2F
1-2: Strikes out swinging
Bottom of the 5th over - 0 runs, 0 hits, 0 errors, 0 left on base; Rancho Cucamonga 2 - Gilbert 2
TOP OF THE 6TH
Rancho Cucamonga Sick Monkeys batting - Pitching for Gilbert Fire Fighters : RHP Eugene Meeks
Batting: RHB Marvin Montgomery 0-0: Ball
1-0: Called Strike
1-1: Ball
2-1: Ball
3-1: Swinging Strike
3-2: Strikes out looking
Batting: SHB Jimmy Mayer 0-0: Ball
1-0: Ground out 4-3 (Groundball, 4D)
Batting: SHB Paco Estrada 0-0: Called Strike
0-1: Fly out, F8 (Flyball, 8RM)
Top of the 6th over - 0 runs, 0 hits, 0 errors, 0 left on base; Rancho Cucamonga 2 - Gilbert 2
BOTTOM OF THE 6TH
Gilbert Fire Fighters batting - Pitching for Rancho Cucamonga Sick Monkeys : RHP Francisco Villa
Batting: RHB Bill Salinas 0-0: Ball
1-0: Ball
2-0: Called Strike
2-1: Foul Ball, location: 2F
2-2: Fly out, F9 (Flyball, 9LM)
Batting: RHB Fernando Morán 0-0: Ball
1-0: Swinging Strike
1-1: Called Strike
1-2: Foul Ball, location: 2F
1-2: Strikes out swinging
Batting: SHB Germán Roseima 0-0: Called Strike
0-1: Ball
1-1: Swinging Strike
1-2: Ball
2-2: Fly out, F9 (Flyball, 9D)
Bottom of the 6th over - 0 runs, 0 hits, 0 errors, 0 left on base; Rancho Cucamonga 2 - Gilbert 2
TOP OF THE 7TH
Rancho Cucamonga Sick Monkeys batting - Pitching for Gilbert Fire Fighters : RHP Eugene Meeks
Batting: LHB Bill Turner 0-0: Ball
1-0: Ball
2-0: Fly out, F8 (Flyball, 8LXD)
Batting: SHB Orlando Lópes 0-0: Called Strike
0-1: Ball
1-1: Foul Ball, location: 2F
1-2: Ground out 5-3 (Groundball, 56S)
Batting: RHB Bartolo Moreno 0-0: Ball
1-0: Ball
2-0: Called Strike
2-1: Ground out 1-3 (Groundball, 13)
Top of the 7th over - 0 runs, 0 hits, 0 errors, 0 left on base; Rancho Cucamonga 2 - Gilbert 2
BOTTOM OF THE 7TH
Gilbert Fire Fighters batting - Pitching for Rancho Cucamonga Sick Monkeys : RHP Francisco Villa
Pitching: RHP Ken Jones
Batting: RHB Pedro Vásquez 0-0: Fly out, F8 (Flyball, 8RD)
Batting: RHB John Field 0-0: Swinging Strike
0-1: Swinging Strike
0-2: Ground out 1-3 (Groundball, 13)
Batting: RHB Juan Brembilla 0-0: Called Strike
0-1: Foul Ball, location: 2F
0-2: Ball
1-2: Strikes out swinging
Bottom of the 7th over - 0 runs, 0 hits, 0 errors, 0 left on base; Rancho Cucamonga 2 - Gilbert 2
TOP OF THE 8TH
Rancho Cucamonga Sick Monkeys batting - Pitching for Gilbert Fire Fighters : RHP Eugene Meeks
Pinch Hitting: LHB Rubén Deleón 0-0: Called Strike
0-1: SINGLE (Line Drive, 5D)
Pinch Runner at 1st Dustin Márquez:
Batting: RHB Pedro Morales 0-0: Sac Bunt - play at first, batter OUT! 1-4
Dustin Márquez to second
Batting: RHB Jackson Walker 0-0: Swinging Strike
0-1: Ball
1-1: Swinging Strike
1-2: Ball
2-2: Strikes out swinging
Batting: RHB Marvin Montgomery 0-0: Ball
1-0: Ball
2-0: Called Strike
2-1: Fly out, F6 (Line Drive, 6)
Top of the 8th over - 0 runs, 1 hit, 0 errors, 1 left on base; Rancho Cucamonga 2 - Gilbert 2
BOTTOM OF THE 8TH
Gilbert Fire Fighters batting - Pitching for Rancho Cucamonga Sick Monkeys : RHP Ken Jones
Now at 2B: Tony Swanson
Batting: RHB Carlos Canales 0-0: Ball
1-0: Ball
2-0: Foul Ball, location: 2F
2-1: Ground out 4-3 (Groundball, 4)
Batting: LHB Kyle Robbins 0-0: Called Strike
0-1: Ball
1-1: Foul Ball, location: 2F
1-2: Ball
2-2: Foul Ball, location: 2F
2-2: Ball
3-2: Strikes out swinging
Batting: LHB Bill Handy 0-0: Called Strike
0-1: Swinging Strike
0-2: Strikes out swinging
Bottom of the 8th over - 0 runs, 0 hits, 0 errors, 0 left on base; Rancho Cucamonga 2 - Gilbert 2
TOP OF THE 9TH
Rancho Cucamonga Sick Monkeys batting - Pitching for Gilbert Fire Fighters : RHP Eugene Meeks
Batting: SHB Jimmy Mayer 0-0: Ball
1-0: Ball
2-0: Ball
3-0: Base on Balls
Batting: SHB Paco Estrada 0-0: Called Strike
0-1: Ball
1-1: Ball
2-1: Grounds into double play, 3-6-3 (Groundball, 3)
Batting: LHB Bill Turner 0-0: Ball
1-0: Ball
2-0: Fly out, F8 (Flyball, 8RD)
Top of the 9th over - 0 runs, 0 hits, 0 errors, 0 left on base; Rancho Cucamonga 2 - Gilbert 2
BOTTOM OF THE 9TH
Gilbert Fire Fighters batting - Pitching for Rancho Cucamonga Sick Monkeys : RHP Ken Jones
Batting: RHB Bill Salinas 0-0: Ball
1-0: Ball
2-0: Ground out 5-3 (Groundball, 56)
Batting: RHB Fernando Morán 0-0: Ground out 3-1 (Groundball, 34)
Pinch Hitting: RHB Raúl Ottoboni 0-0: Ball
1-0: Swinging Strike
1-1: Ball
2-1: Foul Ball, location: 2F
2-2: Ball
3-2: Foul Ball, location: 2F
3-2: Foul Ball, location: 2F
3-2: Ground out 5-3 (Groundball, 56S)
Bottom of the 9th over - 0 runs, 0 hits, 0 errors, 0 left on base; Rancho Cucamonga 2 - Gilbert 2
TOP OF THE 10TH
Rancho Cucamonga Sick Monkeys batting - Pitching for Gilbert Fire Fighters : RHP Eugene Meeks
Now at SS: Travis Mchugh
Batting: SHB Orlando Lópes 0-0: Foul Ball, location: 2F
0-1: Called Strike
0-2: Ball
1-2: Fly out, F8 (Flyball, 8RS)
Pinch Hitting: RHB Heath Jones 0-0: Ball
1-0: Called Strike
1-1: Called Strike
1-2: Ball
2-2: Strikes out swinging
Pinch Hitting: LHB Mauro Flores 0-0: Swinging Strike
0-1: Ball
1-1: Ball
2-1: SINGLE (Line Drive, 8RS)
Pitching: RHP Jacob Nolan
Pinch Hitting: RHB Bob Caldwell 0-0: Fly out, F7 (Flyball, 7S)
Top of the 10th over - 0 runs, 1 hit, 0 errors, 1 left on base; Rancho Cucamonga 2 - Gilbert 2
BOTTOM OF THE 10TH
Gilbert Fire Fighters batting - Pitching for Rancho Cucamonga Sick Monkeys : RHP Ken Jones
Pitching: RHP Juan Muñóz
Now at 1B: Carlos Baronti
Now at 2B: Brendan Myers
Now in LF: Heath Jones
Batting: RHB Pedro Vásquez 0-0: Ball
1-0: Called Strike
1-1: Swinging Strike
1-2: Strikes out swinging
Batting: RHB John Field 0-0: Ball
1-0: Foul Ball, location: 2F
1-1: Swinging Strike
1-2: Ball
2-2: Ground out 6-3 (Groundball, 6)
Pinch Hitting: RHB Ronald Hodge 0-0: Ball
1-0: Foul Ball, location: 2F
1-1: Foul Ball, location: 2F
1-2: Strikes out looking
Bottom of the 10th over - 0 runs, 0 hits, 0 errors, 0 left on base; Rancho Cucamonga 2 - Gilbert 2
TOP OF THE 11TH
Rancho Cucamonga Sick Monkeys batting - Pitching for Gilbert Fire Fighters : RHP Jacob Nolan
Now at C: Pedro Silva
Batting: RHB Jackson Walker 0-0: Called Strike
0-1: Ball
1-1: Swinging Strike
1-2: Ball
2-2: Foul Ball, location: 2F
2-2: Strikes out looking
Batting: RHB Marvin Montgomery 0-0: Ball
1-0: Fly out, F8 (Flyball, 89M)
Batting: SHB Jimmy Mayer 0-0: Fly out, F8 (Flyball, 8LM)
Top of the 11th over - 0 runs, 0 hits, 0 errors, 0 left on base; Rancho Cucamonga 2 - Gilbert 2
BOTTOM OF THE 11TH
Gilbert Fire Fighters batting - Pitching for Rancho Cucamonga Sick Monkeys : RHP Juan Muñóz
Batting: RHB Carlos Canales 0-0: Called Strike
0-1: Called Strike
0-2: Strikes out looking
Batting: LHB Kyle Robbins 0-0: Ball
1-0: Called Strike
1-1: Called Strike
1-2: Ball
2-2: Ball
3-2: Foul Ball, location: 2F
3-2: Ground out 5-3 (Groundball, 5L)
Batting: LHB Bill Handy 0-0: Ball
1-0: Foul Ball, location: 2F
1-1: Ball
2-1: Ball
3-1: Base on Balls
Batting: RHB Bill Salinas 0-0: Ball
Bill Handy steals 2nd base
1-0: Ball
2-0: Ground out 4-3 (Groundball, 4)
Bottom of the 11th over - 0 runs, 0 hits, 0 errors, 1 left on base; Rancho Cucamonga 2 - Gilbert 2
TOP OF THE 12TH
Rancho Cucamonga Sick Monkeys batting - Pitching for Gilbert Fire Fighters : RHP Jacob Nolan
Batting: SHB Paco Estrada 0-0: Foul Ball, location: 2F
0-1: Ball
1-1: Ball
2-1: Foul Ball, location: 2F
2-2: Ball
3-2: Strikes out swinging
Batting: LHB Bill Turner 0-0: Called Strike
0-1: Ground out 5-3 (Groundball, 56)
Batting: SHB Orlando Lópes 0-0: Ball
1-0: Swinging Strike
1-1: Fly out, F8 (Line Drive, 78M)
Top of the 12th over - 0 runs, 0 hits, 0 errors, 0 left on base; Rancho Cucamonga 2 - Gilbert 2
BOTTOM OF THE 12TH
Gilbert Fire Fighters batting - Pitching for Rancho Cucamonga Sick Monkeys : RHP Juan Muñóz
Pitching: RHP Carlos Fernández
Batting: RHB Fernando Morán 0-0: Ball
1-0: Foul Ball, location: 2F
1-1: Foul Ball, location: 2F
1-2: Ball
2-2: Ball
3-2: Foul Ball, location: 2F
3-2: Base on Balls
Batting: RHB Travis Mchugh 0-0: SINGLE (Flyball, 89S)
Fernando Morán to second
Runner from 2nd tries for 3rd, SAFE, no throw
Batting: RHB Pedro Vásquez 0-0: Ball
1-0: Ball
2-0: Foul Ball, location: 2F
2-1: Called Strike
2-2: Ball
3-2: Fly out, F4 (Popup, 4)
Batting: RHB John Field 0-0: Ball
1-0: Ball
2-0: Called Strike
2-1: Called Strike
2-2: Foul Ball, location: 2F
2-2: Ball
3-2: Strikes out swinging
Batting: RHB Pedro Silva 0-0: Ball
1-0: Swinging Strike
1-1: Foul Ball, location: 2F
1-2: Strikes out swinging
Bottom of the 12th over - 0 runs, 1 hit, 0 errors, 2 left on base; Rancho Cucamonga 2 - Gilbert 2
TOP OF THE 13TH
Rancho Cucamonga Sick Monkeys batting - Pitching for Gilbert Fire Fighters : RHP Jacob Nolan
Pitching: RHP Ken Aldridge
Batting: RHB Heath Jones 0-0: Called Strike
0-1: Ball
1-1: Foul Ball, location: 2F
1-2: SINGLE (Groundball, 6MD)
Batting: RHB Carlos Baronti 0-0: Sac Bunt - play at first, batter OUT! 1-4
Heath Jones to second
Batting: RHB Brendan Myers 0-0: Intentional Walk
Batting: RHB Jackson Walker 0-0: Ball
1-0: Ball
2-0: Fly out, F3 (Popup, 3SF)
Batting: RHB Marvin Montgomery 0-0: Ball
1-0: Ball
2-0: Ball
3-0: Called Strike
3-1: Base on Balls
Heath Jones to third
Brendan Myers to second
Batting: SHB Jimmy Mayer 0-0: Ball
1-0: Foul Ball, location: 2F
1-1: Fielders Choice at 2nd, 6-4 (Groundball, 6)
Top of the 13th over - 0 runs, 1 hit, 0 errors, 3 left on base; Rancho Cucamonga 2 - Gilbert 2
BOTTOM OF THE 13TH
Gilbert Fire Fighters batting - Pitching for Rancho Cucamonga Sick Monkeys : RHP Carlos Fernández
Batting: RHB Carlos Canales 0-0: Called Strike
0-1: Swinging Strike
0-2: Strikes out swinging
Batting: LHB Kyle Robbins 0-0: Ball
1-0: Single, Error in OF, E8, batter to second base
Batting: LHB Bill Handy 0-0: Intentional Walk
Batting: RHB Bill Salinas 0-0: Called Strike
Kyle Robbins steals 3rd base
0-1: Ball
Bill Handy steals 2nd base
1-1: Intentional Walk
Batting: RHB Fernando Morán 0-0: Called Strike
0-1: Fly out, F9 (Flyball, 34D)
Batting: RHB Travis Mchugh 0-0: Foul Ball, location: 2F
0-1: Ball
1-1: Foul Ball, location: 2F
1-2: Ball
2-2: Fielders Choice at 2nd, 5-4 (Groundball, 5)
Bottom of the 13th over - 0 runs, 1 hit, 1 error, 3 left on base; Rancho Cucamonga 2 - Gilbert 2
TOP OF THE 14TH
Rancho Cucamonga Sick Monkeys batting - Pitching for Gilbert Fire Fighters : RHP Ken Aldridge
Pitching: LHP Todd Wilcox
Batting: SHB Paco Estrada 0-0: Called Strike
0-1: Ball
1-1: Foul Ball, location: 2F
1-2: Foul Ball, location: 2F
1-2: Strikes out looking
Batting: LHB Bill Turner 0-0: Foul Ball, location: 2F
0-1: Ball
1-1: Ball
2-1: Foul Ball, location: 2F
2-2: Ball
3-2: Base on Balls
Batting: SHB Orlando Lópes 0-0: Called Strike
0-1: Foul Ball, location: 2F
0-2: Strikes out looking
Batting: RHB Heath Jones 0-0: Called Strike
0-1: Foul Ball, location: 2F
0-2: Ball
1-2: Foul Ball, location: 2F
1-2: Ball
2-2: Strikes out swinging
Top of the 14th over - 0 runs, 0 hits, 0 errors, 1 left on base; Rancho Cucamonga 2 - Gilbert 2
BOTTOM OF THE 14TH
Gilbert Fire Fighters batting - Pitching for Rancho Cucamonga Sick Monkeys : RHP Carlos Fernández
Batting: RHB Pedro Vásquez 0-0: Ball
1-0: SINGLE (Groundball, 6MD)
Batting: RHB John Field 0-0: Ground out 5-3 (Groundball, 56)
Pedro Vásquez to second
Batting: RHB Pedro Silva 0-0: Called Strike
Pedro Vásquez is caught stealing 3rd base
0-1: Hit by Pitch
Batting: RHB Carlos Canales 0-0: Ball
1-0: Ball
2-0: Fly out, F9 (Line Drive, 9)
Bottom of the 14th over - 0 runs, 1 hit, 0 errors, 1 left on base; Rancho Cucamonga 2 - Gilbert 2
TOP OF THE 15TH
Rancho Cucamonga Sick Monkeys batting - Pitching for Gilbert Fire Fighters : LHP Todd Wilcox
Batting: RHB Carlos Baronti 0-0: Called Strike
0-1: Called Strike
0-2: Foul Ball, location: 2F
0-2: Strikes out swinging
Batting: RHB Brendan Myers 0-0: Fly out, F9 (Flyball, 89M)
Batting: RHB Jackson Walker 0-0: Foul Ball, location: 2F
0-1: Foul Ball, location: 2F
0-2: Ball
1-2: Ground out 4-3 (Groundball, 4)
Top of the 15th over - 0 runs, 0 hits, 0 errors, 0 left on base; Rancho Cucamonga 2 - Gilbert 2
BOTTOM OF THE 15TH
Gilbert Fire Fighters batting - Pitching for Rancho Cucamonga Sick Monkeys : RHP Carlos Fernández
Batting: LHB Kyle Robbins 0-0: Swinging Strike
0-1: Ball
1-1: Swinging Strike
1-2: Strikes out swinging
Batting: LHB Bill Handy 0-0: Called Strike
0-1: Ball
1-1: Ball
2-1: Fly out, F8 (Flyball, 8LXD)
Batting: RHB Bill Salinas 0-0: Fly out, F9 (Flyball, 9LM)
Bottom of the 15th over - 0 runs, 0 hits, 0 errors, 0 left on base; Rancho Cucamonga 2 - Gilbert 2
TOP OF THE 16TH
Rancho Cucamonga Sick Monkeys batting - Pitching for Gilbert Fire Fighters : LHP Todd Wilcox
Pitching: RHP Tony Singleton
Batting: RHB Marvin Montgomery 0-0: Ball
1-0: Ball
2-0: Ground out 4-3 (Groundball, 4)
Batting: SHB Jimmy Mayer 0-0: Ball
1-0: Called Strike
1-1: Called Strike
1-2: SINGLE (Flyball, 78S)
Batting: SHB Paco Estrada 0-0: Ball
1-0: Called Strike
1-1: Swinging Strike
1-2: Ball
2-2: Strikes out swinging
Batting: LHB Bill Turner 0-0: Ball
1-0: Called Strike
1-1: Foul Ball, location: 2F
1-2: Strikes out swinging
Top of the 16th over - 0 runs, 1 hit, 0 errors, 1 left on base; Rancho Cucamonga 2 - Gilbert 2
BOTTOM OF THE 16TH
Gilbert Fire Fighters batting - Pitching for Rancho Cucamonga Sick Monkeys : RHP Carlos Fernández
Batting: RHB Fernando Morán 0-0: Called Strike
0-1: Fly out, F9 (Flyball, 89D)
Batting: RHB Travis Mchugh 0-0: Ball
1-0: Called Strike
1-1: Ball
2-1: Called Strike
2-2: Fly out, F8 (Flyball, 8LD)
Batting: RHB Pedro Vásquez 0-0: Swinging Strike
0-1: Called Strike
0-2: Ground out 6-3 (Groundball, 6)
Bottom of the 16th over - 0 runs, 0 hits, 0 errors, 0 left on base; Rancho Cucamonga 2 - Gilbert 2
TOP OF THE 17TH
Rancho Cucamonga Sick Monkeys batting - Pitching for Gilbert Fire Fighters : RHP Tony Singleton
Batting: SHB Orlando Lópes 0-0: Swinging Strike
0-1: Ball
1-1: Called Strike
1-2: Ball
2-2: SINGLE (Groundball, 4MD)
Batting: RHB Heath Jones 0-0: Ball
1-0: Called Strike
1-1: Ball
2-1: Swinging Strike
2-2: Foul Ball, location: 2F
2-2: Fly out, F9 (Flyball, 9S)
Batting: RHB Carlos Baronti 0-0: Ball
1-0: Grounds into double play, 6-4-3 (Groundball, 6)
Top of the 17th over - 0 runs, 1 hit, 0 errors, 0 left on base; Rancho Cucamonga 2 - Gilbert 2
BOTTOM OF THE 17TH
Gilbert Fire Fighters batting - Pitching for Rancho Cucamonga Sick Monkeys : RHP Carlos Fernández
Batting: RHB John Field 0-0: Ball
1-0: Ground out 5-3 (Groundball, 56S)
Pitching: RHP Nolan Inman
Batting: RHB Pedro Silva 0-0: Ball
1-0: Foul Ball, location: 2F
1-1: Swinging Strike
1-2: Foul Ball, location: 2F
1-2: Strikes out looking
Batting: RHB Carlos Canales 0-0: Called Strike
0-1: Ball
1-1: Ball
2-1: Swinging Strike
2-2: Strikes out looking
Bottom of the 17th over - 0 runs, 0 hits, 0 errors, 0 left on base; Rancho Cucamonga 2 - Gilbert 2
TOP OF THE 18TH
Rancho Cucamonga Sick Monkeys batting - Pitching for Gilbert Fire Fighters : RHP Tony Singleton
Pitching: RHP Vincent Rangel
Batting: RHB Brendan Myers 0-0: Foul Ball, location: 2F
0-1: Ball
1-1: Foul Ball, location: 2F
1-2: Ground out 6-3 (Groundball, 6)
Batting: RHB Jackson Walker 0-0: Called Strike
0-1: Ball
1-1: Foul Ball, location: 2F
1-2: Ball
2-2: Ball
3-2: Strikes out looking
Batting: RHB Marvin Montgomery 0-0: Called Strike
0-1: Foul Ball, location: 2F
0-2: Ball
1-2: Ball
2-2: Ball
3-2: Foul Ball, location: 2F
3-2: Base on Balls
Batting: SHB Jimmy Mayer 0-0: Ball
1-0: Ball
2-0: Ball
3-0: Called Strike
3-1: DOUBLE (Line Drive, 78M)
Marvin Montgomery to third
Batting: SHB Paco Estrada 0-0: Ball
1-0: Fly out, F7 (Line Drive, 78S)
Top of the 18th over - 0 runs, 1 hit, 0 errors, 2 left on base; Rancho Cucamonga 2 - Gilbert 2
BOTTOM OF THE 18TH
Gilbert Fire Fighters batting - Pitching for Rancho Cucamonga Sick Monkeys : RHP Nolan Inman
Batting: LHB Kyle Robbins 0-0: Ball
1-0: Ground out 6-3 (Groundball, 6)
Batting: LHB Bill Handy 0-0: Called Strike
0-1: DOUBLE (Line Drive, 9D)
Batting: RHB Bill Salinas 0-0: Ball
1-0: Ball
Bill Handy steals 3rd base
2-0: Intentional Walk
Batting: RHB Fernando Morán 0-0: SINGLE (Groundball, 6MS) (infield hit)
Bill Handy scores
Saturday, April 7th, 2018 - OOTP Baseball 18.8 Build 76